Map: Tourmaline LE

Players

RawStick - Winner!

  • Race: Zerg Zerg
  • League: Master
  • Spawn Location: 7:00

CapeCod

  • Race: Terran Terran
  • League: Silver
  • Spawn Location: 1:00

VOD

Have the link to the VOD?

Description

Time

  • Played on: Jan. 17, 2026, 9:55 a.m.
  • Length: 11:53
Show
View Real Time Build Order
Export as new Build Order

RawStick Zerg - Winner!

Build Orders: Hatch First 

Get SALT Encoding   

  12  0:01  Drone  
  13  0:13  Overlord  
  13  0:17  Drone  
  14  0:32  Drone  
  15  0:36  Drone  
  15  0:38  Drone  
  17  1:00  Hatchery  
  17  1:03  Extractor  
  15  1:06  Drone  
  15  1:07  Drone  
  15  1:09  Drone  
  18  1:23  Spawning Pool  
  17  1:27  Drone  
  18  1:33  Drone  
  19  1:43  Overlord  
  19  2:07  Drone  
  20  2:10  Queen  
  20  2:14  Queen  
  24  2:21  Drone  
  25  2:30  Zergling x2  
  25  2:31  Zergling x2  
  25  2:37  Drone  
  28  2:39  Metabolic Boost  
  28  2:44  Drone x2  
  29  2:45  Drone  
  31  2:55  Drone  
  32  3:16  Overlord  
  32  3:18  Hatchery  
  31  3:22  Queen  
  33  3:31  Drone x2  
  33  3:32  Drone  
  36  3:35  Overlord  
  36  3:41  Overlord  
  36  3:42  Drone x2  
  36  3:43  Drone  
  36  3:44  Drone x2  
  36  3:45  Drone  
  42  3:59  Drone  
  42  4:00  Drone  
  44  4:04  Drone  
  44  4:05  Drone  
  46  4:15  Drone  
  47  4:17  Drone  
  47  4:22  Baneling Nest  
  47  4:33  Extractor  
  47  4:35  Drone  
  47  4:37  Zergling x2  
  48  4:42  Drone  
  48  4:43  Drone x2  
  48  4:44  Drone x2  
  48  4:45  Drone  
  54  4:46  Drone  
  54  4:47  Overlord  
  55  5:17  Drone x2  
  55  5:18  Drone x4  
  55  5:19  Drone  
  62  5:26  Evolution Chamber  
  61  5:30  Evolution Chamber  
  61  5:31  Drone  
  61  5:32  Drone  
  62  5:35  Lair  
  62  5:40  Drone x2  
  62  5:42  Overlord  
  64  5:43  Drone  
  64  5:44  Drone x2, Overlord  
  64  5:45  Drone x3  
  64  5:48  Drone  
  71  5:56  Overlord  
  71  6:00  Drone  
  71  6:01  Drone  
  71  6:02  Drone  
  71  6:03  Drone  
  76  6:04  Drone  
  76  6:13  Hatchery  
  75  6:20  Hatchery  
  74  6:44  Drone x2  
  74  6:45  Drone x3  
  74  6:46  Drone x3  
  82  6:47  Drone x2  
  82  6:48  Drone  
  85  6:54  Zerg Ground Armor Level 1  
  85  6:57  Zerg Melee Weapons Level 1  
  85  7:34  Centrifugal Hooks  
  87  7:58  Zergling x6  
  87  7:59  Zergling x16  
  87  8:00  Zergling x16  
  87  8:01  Zergling x14, Hatchery  
  87  8:03  Overlord x2  
  87  8:04  Overlord x5  
  110  8:12  Overlord x3  
  110  8:13  Overlord  
  110  8:22  Zergling x4  
  110  8:24  Zergling x12  
  110  8:26  Zergling x2  
  110  8:27  Zergling x6  
  121  8:33  Queen  
  124  8:43  Zergling x8  
  124  8:44  Zergling x6  
  124  8:45  Zergling x6  
  124  8:46  Zergling x2  
  124  8:47  Zergling x4  
  137  9:01  Zergling x4  
  137  9:02  Zergling x6  
  142  9:04  Zergling x2  
  142  9:09  Baneling x5  
  143  9:10  Baneling x7  
  143  9:11  Baneling x12  
  143  9:14  Zergling x10  
  143  9:15  Zergling x2  
  149  9:28  Zergling x4  
  149  9:29  Zergling x10  
  149  9:30  Zergling x10  
  161  9:31  Zergling x2  
  161  9:33  Queen  
  164  9:51  Zergling x12  
  164  9:52  Zergling x14  
  177  9:53  Zergling x4  
  177  9:54  Zergling x6  
  182  10:04  Queen  
  184  10:09  Queen  
  184  10:11  Zergling x8  
  184  10:12  Zergling x14  
  184  10:13  Zergling x6  
  200  10:19  Baneling x10  
  200  10:20  Baneling  
  200  10:23  Baneling  
  144  11:06  Zergling x14  
  144  11:07  Zergling x14  
  144  11:08  Zergling x14  
  144  11:09  Zergling x14  
  144  11:10  Zergling x2  
  160  11:32  Zergling x8  
  155  11:33  Zergling x14  
  155  11:34  Zergling x14  
Show
View Real Time Build Order
Export as new Build Order

CapeCod Terran 

Build Orders:  

Get SALT Encoding   

  12  0:06  SCV  
  13  0:17  Supply Depot  
  13  0:18  SCV  
  14  0:31  Supply Depot  
  14  0:32  SCV  
  15  0:42  Supply Depot  
  15  0:57  SCV, Barracks  
  16  1:12  Barracks  
  16  1:18  Refinery  
  16  1:25  Refinery  
  16  1:26  SCV  
  17  1:38  SCV  
  18  1:43  Engineering Bay  
  18  1:49  Marine  
  18  1:52  SCV  
  20  2:01  Barracks Reactor  
  20  2:08  Engineering Bay  
  20  2:09  SCV  
  21  2:20  Barracks Reactor  
  21  2:27  SCV  
  22  2:35  Missile Turret  
  22  2:39  Terran Infantry Armor Level 1  
  22  2:52  Terran Infantry Weapons Level 1  
  22  3:07  Orbital Command  
  22  3:28  Command Center, Marine  
  22  3:31  Marine  
  24  3:55  Marine x2  
  26  4:08  SCV  
  27  4:10  Factory  
  27  4:13  Marine  
  27  4:14  Marine  
  27  4:17  Marine  
  29  4:21  Marine  
  31  4:33  Neosteel Armor, Supply Depot  
  31  4:46  Hi-Sec Auto Tracking  
  31  4:47  Bunker  
  31  4:52  Bunker  
  31  4:55  Marine x2  
  33  5:05  Starport, Factory Tech Lab  
  33  5:18  Marine  
  34  5:21  Refinery  
  34  5:24  Refinery  
  34  5:31  Orbital Command  
  34  5:44  Siege Tank  
  37  5:50  Medivac  
  39  5:58  SCV  
  39  6:03  Marine x2  
  42  6:06  Marine  
  42  6:07  Marine  
  42  6:10  SCV  
  45  6:18  Armory  
  45  6:35  SCV  
  46  6:41  Marine  
  46  6:42  Marine x3  
  50  6:47  SCV  
  51  6:56  Starport Tech Lab  
  51  6:59  SCV, Marine x2  
  51  7:00  Marine, Missile Turret  
  55  7:06  Supply Depot  
  55  7:11  SCV  
  56  7:18  Terran Vehicle And Ship Armor Level 1  
  56  7:23  SCV, Viking  
  56  7:25  Fusion Core  
  56  7:26  Terran Infantry Armor Level 2  
  59  7:30  Terran Infantry Weapons Level 2  
  59  7:36  SCV  
  60  7:42  Marine x2  
  62  7:48  Missile Turret, SCV  
  63  7:57  Supply Depot  
  63  8:00  SCV  
  63  8:03  Viking  
  66  8:10  Starport  
  66  8:13  SCV  
  66  8:15  Marine x2  
  69  8:22  Missile Turret  
  69  8:25  SCV  
  70  8:35  Weapon Refit  
  70  8:42  SCV, Missile Turret  
  70  8:46  Supply Depot  
  71  8:54  SCV  
  72  8:59  Siege Tank  
  72  9:01  Starport Tech Lab  
  75  9:05  Starport  
  75  9:08  Starport  
  75  9:13  Terran Ship Weapons Level 1  
  75  9:16  SCV  
  76  9:24  Missile Turret  
  76  9:28  SCV  
  77  9:33  Viking  
  77  9:34  Viking  
  81  9:40  SCV  
  82  9:52  SCV  
  83  9:54  Command Center, Marine x3  
  86  10:12  Supply Depot  
  86  10:26  Barracks Tech Lab  
  86  10:31  Starport Tech Lab x2  
  86  10:33  Marine  
  86  10:34  SCV, Supply Depot  
  36  11:19  Marine  
  36  11:22  Marine x2  
Tags
 
Add a new tag
Caveats
  • Supply blocks, unpowered buildings, or Contaminate may cause inaccurate times.
  • Supply counts are checked every 10 seconds.